AoeStats
← [CL] Al3jandr0.magn00

Arabia

506238899Analyzed
1v1 RM · 19d ago on Sep 12, 2026· 24m 46s· 2 players
Game mode
Random Map
Map size
Tiny (2 player)
Population
200
Speed
Normal
Resources
Standard
Victory
Conquest
Starting age
Dark Age
Ending age
Imperial Age
RankedLock teamsTeams togetherTeam positionsShared explorationLock speedFull tech treeHidden civsTurbo modeCheats
Victory
Defeat
🇦🇺 Malay · Australia
1764
+18
🇦🇷 Chinese · Argentina
1817
-18
NOCHAT_OzzieAmigo
5:01 Loom
9:51 Feudal Age
9:46 Double-Bit Axe
10:23 Horse Collar
20:02 Castle Age
18:41 Gold Mining
19:33 Scale Barding Armor
20:48 Husbandry
[CL] Al3jandr0.magn00
0:26 Loom
9:51 Feudal Age
10:22 Double-Bit Axe
18:26 Castle Age
16:31 Horse Collar
18:00 Gold Mining
18:25 Fletching
19:08 Bodkin Arrow
18:41 Crossbowman
20:56 Wheelbarrow
Connection lost

Rejoining the realm…

Still unreachable

The connection could not be restored.

Session expired

The server has moved on; the page needs a fresh start.